 Dungeon Crawl Stone Soup version 0.29.1-2-gbd0b4ee654 (webtiles) character file.

Game seed: 13154621944070225203

198 anonymouscript the Trooper (level 5, -12/37 HPs)
             Began as a Demonspawn Chaos Knight on Nov 30, 2022.
             Was a Believer of Makhleb.
             Mangled by a wight
             ... wielding a +1 battleaxe
              (13 damage)
             ... on level 6 of the Dungeon.
             The game lasted 00:08:36 (2849 turns).

anonymouscript the Trooper (DsCK)                   Turns: 2849, Time: 00:08:37

Health: -12/37     AC:  3    Str: 13      XL:     5   Next: 47%
Magic:  5/5        EV: 12    Int: 18      God:    Makhleb [**....]
Gold:   110        SH:  0    Dex: 12 (13) Spells: 3/4 levels left

rFire   . . .      SeeInvis .   a - +0 spear (chaos)
rCold   . . .      Faith    .   (no shield)
rNeg    . . .      Spirit   .   o - +4 leather armour of the Serpent {Rampage *Corrode Str+2 Slay+3}
rPois   .          Reflect  .   (helmet restricted)
rElec   .          Harm     .   (no cloak)
rCorr   .          Rampage  +   (no gloves)
Will    .....                   (no boots)
Stlth   +.........              (no amulet)
HPRegen 0.12/turn               (no ring)
MPRegen 0.09/turn               (no ring)

@: mighty, corroded, hasted, very quick
A: antennae 1, condensation shield, demonic touch 1, clever 1, deterioration 2,
frail 1
a: Renounce Religion, Minor Destruction


You were on level 6 of the Dungeon.
You worshipped Makhleb.
Makhleb was pleased with you.
You visited 1 branch of the dungeon, and saw 4 of its levels.

You collected 110 gold pieces.

Inventory:

Hand Weapons
 a - a +0 spear of chaos (weapon)
 p - a +0 halberd
Missiles
 f - 2 poisoned darts
Armour
 b - a +2 leather armour
 d - a +1 ring mail of poison resistance
 o - the +4 leather armour of the Serpent (worn) {Rampage *Corrode Str+2 Slay+3}
   (You found it on level 2 of the Dungeon)

   Str:       It affects your strength (+2).
   Slay:      It affects your accuracy & damage with ranged weapons and melee
   (+3).
   *Corrode:  It may corrode you when you take damage.
   Rampage:   It bestows one free step when moving towards enemies.
Jewellery
 i - an amulet of guardian spirit
Scrolls
 e - a scroll of immolation {unknown}
 k - a scroll of enchant weapon {unknown}
 l - a scroll of fear {unknown}
 m - a scroll of identify {unknown}
 n - 2 scrolls of blinking {unknown}
 q - a scroll of butterflies {unknown}
 s - a scroll of acquirement {unknown}
Potions
 g - 2 potions of haste
 h - a potion of might
 j - 2 potions of lignification {unknown}
 r - a potion of cancellation {unknown}
Miscellaneous
 c - a piece from Xom's chessboard (15/15)


   Skills:
 + Level 3.8 Fighting
 + Level 3.7 Polearms
 + Level 2.2 Armour
 + Level 2.5 Dodging
 + Level 1.2 Stealth
 + Level 0.4 Shields
 + Level 0.4 Spellcasting
 + Level 0.6 Necromancy
 + Level 0.2 Invocations


You had 3 spell levels left.
You knew the following spells:

 Your Spells              Type           Power      Damage    Failure   Level
a - Necrotise             Necr           8%         1d4       21%         1

Your spell library contained the following spells:

 Spells                   Type           Power      Damage    Failure   Level
 Apportation              Tloc           0%         N/A       26%         1
 Summon Small Mammal      Summ           0%         N/A       26%         1
 Portal Projectile        Hex/Tloc       0%         N/A       63%         3
 Tukima's Dance           Hex            0%         N/A       63%         3
 Blade Hands              Tmut           0%         N/A       100%        5


Dungeon Overview and Level Annotations

Branches:
Dungeon (3/15)

Altars:
Makhleb


Innate Abilities, Weirdness & Mutations

You have a pair of small antennae on your head.
A meltable shield of frost defends you. (SH +0)
Your touch may inflict minor irresistible damage on your foes.
Your mind is acute. (Int +4, Str/Dex -1)
Your body often deteriorates upon taking damage.
You are frail. (-10% HP)


Message History

You have reached level 5!
You're too confused to aim your attacks!
You bump into the rock wall.
A wight comes into view.
It is wielding a +0 mace and carrying a wand of flame (17).
The wight hits you from afar with a +0 halberd!
Your body deteriorates!
You feel clumsy.
You feel drained.
An orc comes into view. It is wielding a +0 short sword.
The wight hits you with a +0 halberd.
You bump into the rock wall.
The orc shouts!
You hear an angry hiss.
The wight closely misses you.
You bump into the rock wall.
You feel less confused.
You hit the wight but do no damage. The wight closely misses you.
An orc comes into view. It is wielding a +0 dagger.
The orc shouts!
You hit the wight but do no damage. You completely miss the wight.
The wight hits you with a +0 halberd!
* * * LOW HITPOINT WARNING * * *
Unknown command.
Aiming: Minor Destruction (24% risk of failure)
Press: ? - help, Shift-Dir - straight line, f - wight
Aim: a wight, wielding a +0 halberd and wearing a +0 robe The stone arrow hits the wight!
You destroy the wight!
Makhleb accepts your kill.
You feel better.
The wight zaps a wand.
The puff of flame hits you.
Your condensation shield dissipates!
* * * LOW HITPOINT WARNING * * *
Your body deteriorates!
You feel dopey.
A steam dragon comes into view.
You feel your intelligence returning.
Your life force feels restored.
It was a potion of haste.
You feel yourself speed up.
It was a potion of might.
You feel very mighty all of a sudden.
The steam dragon hisses angrily.
The wight hits you with a +1 battleaxe!
You die...
Xom cackles wildly!

.......#.#
..........#
..........#
#.........#
#.........##
#..........##
#..........##
#..........##
####..####.@##
##..## ##.z###
##..## ###oz#
##..## ##)o#
#..## #..#
###.## #..D
#..## ##...
#.## .. #.# .


You could see a steam dragon, 2 wights and 2 orcs.

Vanquished Creatures
  A wight (D:6)
  An orc priest (D:6)
  An orc wizard (D:6)
  4 adders
  A worm (D:2)
  A dart slug (D:2)
  3 bats
  3 endoplasms
  2 giant cockroaches
  9 goblins
  10 hobgoblins
  3 jackals (D:2)
  2 kobolds
  A quokka (D:1)
  2 ball pythons
  4 frilled lizards
  4 rats
52 creatures vanquished.

Notes
Turn   | Place    | Note
-------+----------+-------------------------------------------
     0 | D:1      | anonymouscript the Demonspawn Chaos Knight began the quest
                  | for the Orb.
     0 | D:1      | Reached XP level 1. HP: 18/18 MP: 1/1
    27 | D:1      | XOM: silly message
   366 | D:1      | Gained mutation: A meltable shield of frost defends you.
                  | (SH +0) [demonic ancestry]
   366 | D:1      | Reached XP level 2. HP: 24/24 MP: 2/2
   519 | D:1      | XOM: divination: detect creatures
   701 | D:1      | Learned a level 1 spell: Necrotise
  1006 | D:1      | Reached skill level 1 in Dodging
  1038 | D:1      | XOM: silly message
  1078 | D:1      | XOM: potion effect (invisibility)
  1208 | D:1      | Found a faded altar of an unknown god.
  1211 | D:1      | Prayed at the altar of an unknown god.
  1211 | D:1      | Fell from the grace of Xom
  1211 | D:1      | Became a worshipper of Makhleb the Destroyer
  1211 | D:1      | Reached * piety under Makhleb
  1285 | D:1      | Discovered your monstrous ancestry.
  1285 | D:1      | Gained mutation: You have a pair of small antennae on your
                  | head. [demonic ancestry]
  1285 | D:1      | Reached XP level 3. HP: 29/29 MP: 3/3
  1368 | D:2      | Identified the +4 leather armour of the Serpent {Rampage
                  | *Corrode Str+2 Slay+3}
  1426 | D:2      | XOM: give mutations
  1426 | D:2      | Gained mutation: You are weak. (Str -2) [Xom's mischief]
  1426 | D:2      | Gained mutation: Your body sometimes deteriorates upon
                  | taking damage. [Xom's mischief]
  1426 | D:2      | Gained mutation: Your body often deteriorates upon taking
                  | damage. [Xom's mischief]
  1426 | D:2      | Gained mutation: You are very weak. (Str -4) [Xom's
                  | mischief]
  1714 | D:2      | XOM: give mutations
  1714 | D:2      | Gained mutation: Your mind is acute. (Int +4, Str/Dex -1)
                  | [Xom's mischief]
  1714 | D:2      | Lost mutation: You are very weak. (Str -4) [Xom's mischief]
  1714 | D:2      | Lost mutation: You are weak. (Str -2) [Xom's mischief]
  1714 | D:2      | Gained mutation: You are frail. (-10% HP) [Xom's mischief]
  2012 | D:2      | Gained mutation: Your touch may inflict minor irresistible
                  | damage on your foes. [demonic ancestry]
  2012 | D:2      | Reached XP level 4. HP: 29/31 MP: 4/4
  2149 | D:2      | Reached ** piety under Makhleb
  2812 | D:3      | You fall into a shaft and drop 3 floors!
  2832 | D:6      | Reached skill level 1 in Stealth
  2838 | D:6      | Reached XP level 5. HP: 33/37 MP: 5/5
  2847 | D:6      | HP: 1/35 [wight/puff of flame (6)]
  2847 | D:6      | Noticed a steam dragon
  2849 | D:6      | Mangled by a wight

Illustrated notes

Levels and vault maps discovered:
D:1:      dpeg_arrival_stone_temple_mockup, layout_basic,
          shapermc_ecumenical_altar_mp_vishouse, serial_park_tiny_2
D:2:      layout_basic, minmay_surrounded
D:3:      layout_basic, grunt_temple_overflow_forces_of_nature
D:6:      layout_cave_pods, mainiacjoe_overflow_alcove_4

Skill      XL: |  1  2  3  4 |
---------------+-------------+-----
Polearms       | 3 |  3.7
Dodging        | 1 2 |  2.5
Armour         | 2 |  2.2
Stealth        | 1 |  1.2
Fighting       | |  3.8
Shields        | |  0.4
Spellcasting   | |  0.4
Necromancy     | |  0.6
Invocations    | |  0.2

Action                   |  1- 3 |  4- 6 || total
-------------------------+-------+-------++-------
Melee: Spear             |   163 |    38 ||   201
       Punch             |     2 |     1 ||     3
       Touch             |       |     6 ||     6
 Cast: Necrotise         |     8 |       ||     8
Invok: Minor Destruction |       |     1 ||     1
Evoke: Piece from Xom's  |     2 |       ||     2
  Use: Potion            |       |     2 ||     2
 Stab: Sleeping          |     2 |       ||     2
       Invisible         |     1 |       ||     1
       Paralysed         |     2 |       ||     2
       Confused          |       |     1 ||     1
Armor: Leather armour    |    57 |    11 ||    68
Dodge: Dodged            |    49 |    14 ||    63
Block: Other             |    21 |     7 ||    28
